 Dungeon Crawl Stone Soup version 0.31-a0-507-gbafd7f5274 (webtiles) character file.

Game seed: 15387661693326402738

77 porpoise the Sneak (level 4, 0/28 HPs)
             Began as an Octopode Enchanter on Aug 10, 2023.
             Slain by an ogre
             ... wielding a +0 giant club
              (28 damage)
             ... on level 3 of the Dungeon.
             The game lasted 00:07:54 (2273 turns).

porpoise the Sneak (Octopode Enchanter)             Turns: 2273, Time: 00:07:54

Health: 0/28       AC:  1    Str:  7    XL:     4   Next: 34%
Magic:  2/7        EV: 13    Int: 17    God:
Gold:   128        SH:  0    Dex: 14    Spells: 2/7 levels left

rFire   . . .        a - +1 dagger
rCold   . . .        (no shield)
rNeg    . . .        (helmet restricted)
rPois   .            (no amulet)
rElec   .            (no ring)
rCorr   .            (no ring)
SInv    .            (no ring)
Will    .....        (no ring)
Stlth   ++++         (no ring)
HPRegen 0.24/turn    (no ring)
MPRegen 0.10/turn    (no ring)
                     (no ring)

%: no passive effects
@: no status effects
A: almost no armour, amphibious, 8 rings, camouflage 1, gelatinous body 1,
(nimble swimmer 1), tentacles
a: no special abilities


You were on level 3 of the Dungeon.
You visited 1 branch of the dungeon, and saw 3 of its levels.

You collected 128 gold pieces.

Inventory:

Hand Weapons
 a - a +1 dagger (weapon)
 b - a +0 whip of venom
Missiles
 l - 3 boomerangs
 o - 6 javelins
 p - 6 poisoned darts
Magical Staves
 d - a staff of poison
Wands
 i - a wand of quicksilver (13)
Scrolls
 f - a scroll of butterflies {unknown}
 g - 3 scrolls of identify {unknown}
 j - a scroll of enchant weapon {unknown}
 k - a scroll of teleportation {unknown}
 n - 2 scrolls of enchant armour {unknown}
Potions
 c - a potion of attraction {unknown}
 e - 2 potions of invisibility
 h - 2 potions of might {unknown}
 m - a potion of mutation {unknown}


   Skills:
 + Level 1.4 Fighting
 + Level 2.0 Short Blades
 - Level 2.0 Dodging
 - Level 4.0 Stealth
 - Level 2.0 Spellcasting
 * Level 3.7 Hexes
 * Level 1.7 Ice Magic


You had 2 spell levels left.
You knew the following spells:

 Your Spells              Type           Power      Damage    Failure   Level
a - Ensorcelled Hibernat  Hex/Ice        20%        N/A       10%         2
t - Confusing Touch       Hex            14%        N/A       12%         3

Your spell library contained the following spells:

 Spells                   Type           Power      Damage    Failure   Level
 Tukima's Dance           Hex            14%        N/A       12%         3
 Dazzling Flash           Conj/Hex       16%        N/A       26%         3
 Portal Projectile        Hex/Tloc       16%        N/A       26%         3
 Call Canine Familiar     Summ           1%         N/A       50%         3
 Leda's Liquefaction      Hex/Erth       4%         N/A       65%         4


Dungeon Overview and Level Annotations

Branches:
Dungeon (3/15)

Altars:


Innate Abilities, Weirdness & Mutations

You cannot wear most types of armour.
You are amphibious.
You can wear up to eight rings at the same time.
Your skin changes colour to match your surroundings (Stealth+).
Your rubbery body absorbs attacks. (AC +1, EV +1)
((You are camouflaged when in or above water. (Stealth+)))
You have tentacles for arms and can constrict up to eight enemies at once.


Message History

You kill the endoplasm!
An endoplasm comes into view.
Found 18 gold pieces.
The endoplasm quivers.
You hit the endoplasm.
The endoplasm is heavily wounded.
The endoplasm barely misses you.
You hit the endoplasm.
The endoplasm is severely wounded.
The endoplasm closely misses you.
You hit the endoplasm.
You kill the endoplasm!
You now have 128 gold pieces (gained 18).
An ogre comes into view. It is wielding a +0 giant club.
Casting: Ensorcelled Hibernation (safe; 10% risk of failure)
Confirm with . or Enter, or press ? or * to list all spells.
You don't know that spell.
Casting: Ensorcelled Hibernation (safe; 10% risk of failure)
Confirm with . or Enter, or press ? or * to list all spells.
Aiming: Ensorcelled Hibernation (safe; 10% risk of failure)
Press: ? - help, Shift-Dir - straight line, f - ogre
Aim: an ogre, wielding a +0 giant club (chance to affect: 44%)
The ogre looks drowsy...
The helpless ogre fails to defend itself.
You puncture the ogre!
The ogre is severely wounded.
Casting: Ensorcelled Hibernation (safe; 10% risk of failure)
Confirm with . or Enter, or press ? or * to list all spells.
You don't know that spell.
Casting: Ensorcelled Hibernation (safe; 10% risk of failure)
Confirm with . or Enter, or press ? or * to list all spells.
Okay, then.
Casting: Confusing Touch (quite dangerous; 12% risk of failure)
Confirm with . or Enter, or press ? or * to list all spells.
Your tentacles begin to glow red.
The ogre closely misses you.
You hit the ogre but do no damage.
The ogre appears confused.
The ogre is severely wounded.
The ogre hits you with a +0 giant club!!
Ouch! That really hurt!
You die...

#...........
#..###.###..
#############.####.##...
#........##...#.........
#........##..........###
#............##....### #
#.........#.##..##.# #
#...........##.....#
#......@..###...####
#.....O..###....#
.........# ####.#
#........# #.#
P♣.......# ##.# ###
~~#.###### #.>######.. P
#. #########..)..†...# .
#....>....#########
#........##


You could see an ogre (confused).

Vanquished Creatures
  An adder (D:2)
  2 worms
  3 orcs (D:3)
  7 ball pythons
  6 bats
  5 endoplasms
  A giant cockroach (D:2)
  4 goblins
  5 hobgoblins
  2 jackals (D:1)
  2 quokkas
  4 frilled lizards
  7 kobolds
  4 rats
53 creatures vanquished.

Notes
Turn   | Place    | Note
-------+----------+-------------------------------------------
     0 | D:1      | porpoise the Octopode Enchanter began the quest for the
                  | Orb.
     0 | D:1      | Reached XP level 1. HP: 11/11 MP: 3/3
   245 | D:1      | Reached XP level 2. HP: 17/18 MP: 5/5
   273 | D:1      | Learned a level 2 spell: Ensorcelled Hibernation
   432 | D:1      | Reached skill level 1 in Fighting
   691 | D:1      | Reached XP level 3. HP: 18/23 MP: 6/6
  1029 | D:2      | Reached skill level 1 in Ice Magic
  1554 | D:2      | Reached XP level 4. HP: 28/28 MP: 7/7
  1851 | D:3      | Learned a level 3 spell: Confusing Touch
  2265 | D:3      | Noticed an ogre
  2273 | D:3      | Slain by an ogre

Illustrated notes

Levels and vault maps discovered:
D:1:      ncdulo_smallfort, layout_basic
D:2:      layout_basic
D:3:      layout_rooms, serial_bayou, serial_bayou_pond_c, serial_bayou_shore_b,
          serial_bayou_shore_b, serial_bayou_pond_e,
          chequers_serial_rivers_large_a, uniq_crazy_yiuf_cottage

Skill      XL: |  1  2  3  4 |
---------------+-------------+-----
Fighting       | 1 |  1.4
Ice Magic      | 1 |  1.7
Short Blades   | 2 |  2.0
Dodging        | |  2.0
Stealth        | |  4.0
Spellcasting   | |  2.0
Hexes          | |  3.7

Action                     |  1- 3 |  4- 6 || total
---------------------------+-------+-------++-------
  Melee: Dagger            |    67 |    23 ||    90
         Constrict         |    19 |     2 ||    21
         Tentacles         |    17 |     4 ||    21
         Whip              |     9 |       ||     9
   Cast: Ensorcelled Hiber |     2 |     5 ||     7
         Confusing Touch   |       |     1 ||     1
   Stab: Sleeping          |    12 |     9 ||    21
 Armour: Skin              |     5 |     1 ||     6
  Dodge: Dodged            |    39 |    10 ||    49

Table legend: (Time is in decaauts)
 A = Elapsed time spent in this place.
 B = Non-inter-level travel time spent in this place.
 C = Inter-level travel time spent in this place.
 D = Time resting spent in this place.
 E = Time spent auto-exploring this place.
 F = Levels seen in this place.
 G = Mean time per level.
                   A        B        C        D        E       F      G
               +--------+--------+--------+--------+--------+-----+--------+
         Total |   2262 |   2218 |     44 |    345 |   1485 |   3 |  754.0 |
       Dungeon |   2262 |   2218 |     44 |    345 |   1485 |   3 |  754.0 |
               +--------+--------+--------+--------+--------+-----+--------+

Top non-repeatable levels by time:
     D:1: 958 daAuts
     D:2: 815 daAuts
     D:3: 488 daAuts
